 Dungeon Crawl Stone Soup version 0.22-a0-192-g6ffc940 (webtiles) character file.

112 vishdafish the Skirmisher (level 4, -12/35 HPs)
             Began as a Demonspawn Fighter on Feb 16, 2018.
             Killed by divine providence
             ... invoked by an orc priest
              (16 damage)
             ... on level 3 of the Dungeon.
             The game lasted 00:02:46 (2053 turns).

vishdafish the Skirmisher (Demonspawn Fighter)      Turns: 2053, Time: 00:02:47

Health: -12/35     AC:  6    Str: 16    XL:     4   Next: 64%
Magic:  4/4        EV:  7    Int: 15    God:
Gold:   99         SH:  9    Dex: 13    Spells: 3/3 levels left

rFire    . . .     SeeInvis .   d - +1 short sword (elec)
rCold    . . .     Gourm    .   c - +0 shield
rNeg     . . .     Faith    .   b - +0 scale mail
rPois    .         Spirit   .   (helmet restricted)
rElec    .         Reflect  .   (no cloak)
rCorr    +         Harm     .   (no gloves)
MR       .....                  (no boots)
Stlth    ..........             (no amulet)
HPRegen  0.11/turn              j - ring of resist corrosion
MPRegen  0.09/turn              (no ring)

@: brilliant
A: antennae 1, powered by death 1
a: no special abilities


You were on level 3 of the Dungeon.
You were hungry.

You visited 1 branch of the dungeon, and saw 3 of its levels.

You collected 99 gold pieces.

Inventory:

Hand Weapons
 a - a +0 long sword
 d - a +1 short sword of electrocution (weapon)
Armour
 b - a +0 scale mail (worn)
 c - a +0 shield (worn)
Jewellery
 j - a ring of resist corrosion (left hand)
Wands
 l - a wand of polymorph (11)
Scrolls
 e - 2 scrolls of blinking {unknown}
 g - 3 scrolls of identify {unknown}
 i - a scroll of enchant armour {unknown}
 k - a scroll of teleportation {unknown}
Comestibles
 f - 7 rations


   Skills:
 + Level 3.4 Fighting
 * Level 2.7 Long Blades
 + Level 3.3 Armour
 + Level 0.7 Dodging
 + Level 3.4 Shields


You had 3 spell levels left.
You didn't know any spells.

Dungeon Overview and Level Annotations

Branches:
Dungeon (3/15)

Altars:


Innate Abilities, Weirdness & Mutations

You have a pair of small antennae on your head.
You regenerate a little health from kills.


Message History

* * * LOW HITPOINT WARNING * * *
You hit the orc. Lightning courses through the orc!
You kill the orc!
You puncture the jackal!
You kill the jackal!
You closely miss the orc priest.
The orc priest casts a cantrip, but nothing happens.
You closely miss the orc priest. You block the orc priest's attack.
Your shield and scale mail prevent you from hitting the orc priest.
The orc priest hits you.
* * * LOW HITPOINT WARNING * * *
Your shield and scale mail prevent you from hitting the orc priest.
The orc priest hits you but does no damage.
You barely miss the orc priest. The orc priest hits you.
* * * LOW HITPOINT WARNING * * *
A bat comes into view.
You closely miss the orc priest.
The orc priest mumbles some strange prayers to Beogh against you.
Beogh smites you!
You die...

#.................
#..........#####..
#..........# ##^.
#..........# #...
#.########## #...
#.# #... #.# #...
#.# ####
#@########.
#o#.o......
#o....o.#
###.###.# ....
##.#)# #.#.# #.# .
#.# ..


You could see an orc priest and an orc.

Vanquished Creatures
  Terence (D:2)
  3 adders
  A dart slug (D:1)
  4 leopard geckos
  2 orcs (D:3)
  4 giant cockroaches
  3 hobgoblins
  2 jackals (D:3)
  7 kobolds
  8 bats
  6 frilled lizards
  8 goblins
  5 rats (D:1)
54 creatures vanquished.

Notes
Turn   | Place    | Note
-------+----------+-------------------------------------------
     0 | D:1      | vishdafish the Demonspawn Fighter began the quest for the Orb.
     0 | D:1      | Reached XP level 1. HP: 18/18 MP: 1/1
   127 | D:1      | Gained mutation: You regenerate a little health from kills. [demonic ancestry]
   127 | D:1      | Reached XP level 2. HP: 14/24 MP: 2/2
   648 | D:1      | Gained mutation: You have a pair of small antennae on your head. [demonic ancestry]
   648 | D:1      | Reached XP level 3. HP: 29/29 MP: 3/3
  1245 | D:2      | Noticed Terence
  1261 | D:2      | Killed Terence
  1261 | D:2      | Reached XP level 4. HP: 27/35 MP: 4/4
  2053 | D:3      | Killed from afar by an orc priest

Vault maps used:
D:1:      mrwooster_arrival_statue_3
D:2:      uniq_terence
D:3:      first_ration

Skill      XL: |  1  2 |
---------------+-------+-----
Shields        | 3 |  3.4
Armour         | 3 |  3.3
Long Blades    | 2 |  2.7
Fighting       | |  3.4
Dodging        | |  0.7

Action                   |  1- 3 |  4- 6 || total
-------------------------+-------+-------++-------
Melee: Long sword        |    43 |       ||    43
       Short sword       |    76 |    65 ||   141
  Use: Potion            |     1 |     1 ||     2
  Eat: Chunk             |     1 |     2 ||     3
Armor: Scale mail        |    52 |    30 ||    82
Dodge: Dodged            |    34 |    13 ||    47
Block: Shield            |    61 |    34 ||    95
       Rpst.: Long sword |     8 |       ||     8

Table legend:
 A = Spawn XP
 B = Non-spawn XP
 C = Spawn XP percentage of total XP
 D = Spawn monster count
 E = Non-spawn monster count
 F = Spawn count percentage of total count
 G = Total turns spent on level
                    A         B        C        D         E        F      G
               +---------+---------+-------+---------+---------+-------+---------
         Total |       0 |     161 |   0.0 |       0 |      54 |   0.0 |  2053
               +---------+---------+-------+---------+---------+-------+---------
           D:1 |       0 |      47 |   0.0 |       0 |      27 |   0.0 |   747
           D:2 |       0 |      65 |   0.0 |       0 |      14 |   0.0 |  1137
           D:3 |       0 |      49 |   0.0 |       0 |      13 |   0.0 |   169
               +---------+---------+-------+---------+---------+-------+---------
